AoeStats
← [GDL] HANNIBAL

Arabia

509991401Analyzed
4v4 RM · 3d ago on Sep 28, 2026· 26m 38s· 8 players
Game mode
Random Map
Map size
Large (8 player)
Population
200
Speed
Normal
Resources
Standard
Victory
Conquest
Starting age
Dark Age
Ending age
Imperial Age
RankedLock teamsTeams togetherTeam positionsShared explorationLock speedFull tech treeHidden civsTurbo modeCheats
Victory
Defeat
🇦🇷 Magyars · Argentina
1333
+12
🇧🇷 Franks · Brazil
1332
+12
🇦🇷 Vietnamese · Argentina
1322
+13
🇮🇸 Vikings · Iceland
1249
+16
🇲🇽 Varangians · Mexico
1344
-18
🇧🇷 Aztecs · Brazil
1242
-13
🇧🇷 Chinese · Brazil
1203
-11
🇧🇷 Japanese · Brazil
1196
-11
EXILE | Heisenberg
7:13 Loom
9:31 Feudal Age
11:45 Scale Barding Armor
15:30 Bloodlines
21:38 Castle Age
21:02 Double-Bit Axe
21:03 Horse Collar
21:41 Gold Mining
22:47 Chain Barding Armor
23:42 Husbandry
Kuroko
6:46 Loom
9:15 Feudal Age
9:56 Double-Bit Axe
15:51 Forging
20:35 Castle Age
19:12 Scale Barding Armor
22:15 Iron Casting
25:51 Chain Barding Armor
Fede
6:17 Loom
9:26 Feudal Age
15:51 Fletching
16:56 Wheelbarrow
16:19 Horse Collar
16:26 Double-Bit Axe
17:03 Padded Archer Armor
24:47 Castle Age
25:02 Crossbowman
25:52 Bodkin Arrow
26:28 Thumb Ring
GYT SALTA
3:57 Loom
10:30 Feudal Age
14:59 Padded Archer Armor
16:49 Double-Bit Axe
17:27 Fletching
23:52 Castle Age
22:09 Horse Collar
23:35 Gold Mining
24:13 Crossbowman
24:52 Bodkin Arrow
26:01 Ballistics
26:06 Leather Archer Armor
[GDL] HANNIBAL
6:46 Loom
9:05 Feudal Age
13:15 Bloodlines
24:43 Castle Age
Rōnin
7:53 Loom
9:57 Feudal Age
10:37 Double-Bit Axe
12:57 Gold Mining
13:33 Horse Collar
15:58 Fletching
WoodElf2501
7:39 Loom
9:38 Feudal Age
10:10 Loom
11:43 Double-Bit Axe
12:28 Forging
13:41 Scale Mail Armor
23:11 Castle Age
22:22 Gold Mining
23:12 Eagle Warrior
23:55 Squires
24:18 Arson
25:45 Pikeman
Lord Housedrick
0:30 Loom
9:44 Feudal Age
10:12 Double-Bit Axe
10:11 Horse Collar
17:42 Castle Age
15:42 Gold Mining
17:12 Fletching
17:23 Padded Archer Armor
18:38 Bow Saw
17:50 Crossbowman
20:26 Bodkin Arrow
23:37 Wheelbarrow
Connection lost

Rejoining the realm…

Still unreachable

The connection could not be restored.

Session expired

The server has moved on; the page needs a fresh start.